Washington Capitals vs St.Louis Blues
(R1)
Created - Saturday, December 28, 2024 at 09:37
Goals
|
| Washington Capitals |
2 |
0 |
1 |
0 |
3 |
| St.Louis Blues |
0 |
1 |
2 |
1 |
4 |
|
Shots
|
| Washington Capitals |
12 |
18 |
13 |
2 |
45 |
| St.Louis Blues |
12 |
7 |
11 |
3 |
33 |
|
1st period
1. Washington Capitals , Jordan Kyrou 1 (Nick Foligno 4) at 2:48 (PP)
2. Washington Capitals , Brad Marchand 2 (Owen Tippett 8, Drake Batherson 3) at 19:01
Penalties :
Alex Tuch (STL) for Interference (Minor) at 2:47, Alex Tuch (STL) for Tripping (Minor) at 3:14, Robert Thomas (STL) for Roughing (Minor) at 8:27, Robert Thomas (STL) for Boarding (Minor) at 16:23
2nd period
3. St.Louis Blues , Jake Guentzel 4 (Robert Thomas 8) at 14:45
Penalties :
Jamie Oleksiak (WSH) for Cross-checking (Minor) at 6:56, Ian Cole (WSH) for High sticking (Minor) at 14:48
3rd period
4. Washington Capitals , Alex Ovechkin 6 (Ian Cole 3, Jason Robertson 10) at 0:46
5. St.Louis Blues , Robert Thomas 6 (Jake Guentzel 6) at 6:02 (PP)
6. St.Louis Blues , Yanni Gourde 2 (Logan O'Connor 1, Lars Eller 2) at 14:49
Penalties :
Drake Batherson (WSH) for Hooking (Minor) at 5:17, Jason Robertson (WSH) for Hooking (Minor) at 14:50
Overtime #1
7. St.Louis Blues , Alex Tuch 3 (Robert Thomas 9, Colton Parayko 3) at 7:05
Penalties :
Robert Thomas (STL) for Roughing (Minor) at 4:53
Goalie Stats
Jake Oettinger (WSH), 29 saves from 33 shots - (0.879), OTL, 7-2-3, 67:05 minutes
Connor Hellebuyck (STL), 42 saves from 45 shots - (0.933), W, 6-4-2, 67:05 minutes
Players Stats for Washington Capitals
Player Name G A P +/- PIM S H SB GA TA FO MP PP MP PK MP
------------------------------------------------------------------------------------
Alex Ovechkin 1 0 1 0 0 7 3 0 0 1 0/2 23:06 4:43 0:00
Brad Marchand 1 0 1 0 0 2 2 0 1 1 0/1 16:47 0:00 4:03
Derek Forbort 0 0 0 1 0 1 0 1 0 1 0/0 8:41 2:24 0:00
Drake Batherson 0 1 1 -1 2 0 1 0 1 0 0/0 10:06 0:00 0:37
Fabian Zetterlund 0 0 0 -1 0 3 1 0 2 0 0/1 10:44 0:00 2:02
Ian Cole 0 1 1 -1 2 3 2 0 0 0 0/0 22:16 0:36 1:50
Jamie Oleksiak 0 0 0 0 2 4 1 0 1 0 0/0 30:58 3:00 3:01
Jason Robertson 0 1 1 0 2 2 2 0 0 1 1/3 23:13 4:43 0:00
John Carlson 0 0 0 -1 0 4 4 1 0 0 0/0 26:58 4:57 1:30
Jordan Kyrou 1 0 1 -1 0 3 1 0 0 0 0/0 16:03 3:14 0:00
Michael McLeod 0 0 0 -1 0 0 1 0 0 1 4/6 10:43 0:00 1:43
Mikael Backlund 0 0 0 0 0 0 4 0 0 0 7/24 16:26 0:00 4:03
Nick Foligno 0 1 1 0 0 1 6 1 0 0 6/12 17:49 3:14 1:16
Nick Jensen 0 0 0 1 0 0 0 1 0 0 0/0 17:45 0:00 2:42
Nico Hischier 0 0 0 0 0 4 1 1 1 1 16/30 23:16 4:43 0:20
Owen Tippett 0 1 1 1 0 2 1 1 0 0 0/1 13:08 0:00 0:00
Thomas Harley 0 0 0 -2 0 2 2 0 0 0 0/0 25:19 4:57 3:41
Vladimir Tarasenko 0 0 0 0 0 7 0 0 0 0 0/0 15:21 3:14 0:00
Players Stats for St.Louis Blues
Player Name G A P +/- PIM S H SB GA TA FO MP PP MP PK MP
------------------------------------------------------------------------------------
Alex Pietrangelo 0 0 0 0 0 0 0 1 0 0 0/0 24:23 2:25 0:00
Alex Tuch 1 0 1 0 4 3 2 0 1 0 0/0 18:13 2:12 0:00
Claude Giroux 0 0 0 0 0 1 0 0 1 0 8/8 18:59 3:26 0:00
Colton Parayko 0 1 1 1 0 0 1 0 0 1 0/0 24:53 0:00 3:44
Dakota Joshua 0 0 0 0 0 1 5 0 0 1 1/1 18:10 2:39 4:02
Elias Lindholm 0 0 0 0 0 1 2 1 2 0 3/11 18:47 2:39 4:02
Elias Pettersson 0 0 0 0 0 4 2 1 0 1 1/1 22:22 3:57 0:06
Jaccob Slavin 0 0 0 0 0 2 0 3 0 1 0/0 20:07 0:00 4:13
Jake Guentzel 1 1 2 0 0 7 2 0 1 0 2/4 22:11 3:58 0:00
Jake Sanderson 0 0 0 1 0 1 1 2 0 1 0/0 20:24 0:29 3:44
Lars Eller 0 1 1 1 0 2 0 0 0 0 4/9 10:17 0:13 3:49
Logan O'Connor 0 1 1 1 0 2 0 0 0 0 0/0 11:19 0:24 3:49
Mark Stone 0 0 0 0 0 3 3 0 0 0 0/0 17:33 2:05 0:00
Mikhail Sergachev 0 0 0 0 0 0 0 2 0 0 0/0 15:28 0:44 0:00
Nick Leddy 0 0 0 0 0 0 0 0 0 0 0/0 18:38 0:00 4:13
Robert Thomas 1 2 3 0 6 3 1 1 1 0 25/41 22:35 4:02 0:06
Tage Thompson 0 0 0 0 0 2 1 0 0 1 2/4 16:50 4:17 0:00
Yanni Gourde 1 0 1 1 0 1 0 1 0 0 0/1 6:14 0:00 0:00
3 Stars
1 - Jake Guentzel (STL)
2 - Connor Hellebuyck (STL)
3 - Yanni Gourde (STL)
Power Play
Washington Capitals - 1 on 5 Attempt(s) - 20.00%
St.Louis Blues - 1 on 4 Attempt(s) - 25.00%
Penalty Kill
Washington Capitals - 3 on 4 Attempt(s) - 75.00%
- Score 0 goal in Penalty Kill
St.Louis Blues - 4 on 5 Attempt(s) - 80.00%
- Score 0 goal in Penalty Kill
Team Stat
Washington Capitals - Hits : 32 - Faceoff Wins : 34 - Blocked Shots : 6 - Penalty Minutes : 8
St.Louis Blues - Hits : 20 - Faceoff Wins : 46 - Blocked Shots : 12 - Penalty Minutes : 10
Official
Referees : Furman South and Beaudry Halkidis
Linesman : Derek Nansen and Tyson Baker
Game Notes
Derek Forbort is injured at 3:00 of 2nd period (Sprained Right Ankle)
Finance
Level 1 -- Attendance: 6000 (100.00%) -- Ticket Income $570,000
Level 2 -- Attendance: 5000 (100.00%) -- Ticket Income $285,000
Level 3 -- Attendance: 3000 (100.00%) -- Ticket Income $99,000
Level 4 -- Attendance: 5000 (100.00%) -- Ticket Income $115,000
Luxury Box -- Attendance: 1000 (100.00%) -- Ticket Income $194,000
Game was played at the Scottrade Center.
Total Attendance: 20000 (100.00%)
Total Ticket Income: $1,263,000
Other Income: $442,050
Total Income: $1,705,050
Washington Capitals
5 vs 5 Forward
Center Left Wing Right Wing Time % Phy DF OF
1 Nico Hischier Alex Ovechkin Jason Robertson 40 1 1 3
2 Mikael Backlund Brad Marchand Jordan Kyrou 30 1 1 3
3 Nick Foligno Vladimir Tarasenko Owen Tippett 20 1 1 3
4 Michael McLeod Drake Batherson Fabian Zetterlund 10 1 1 3
5 vs 5 Defense
Defense Defense Time % Phy DF OF
1 John Carlson Jamie Oleksiak 37 2 3 0
2 Derek Forbort Thomas Harley 35 2 3 0
3 Ian Cole Nick Jensen 28 2 3 0
4 John Carlson Derek Forbort 0 2 3 0
PowerPlay Forward
Center Left Wing Right Wing Time % Phy DF OF
1 Nico Hischier Alex Ovechkin Jason Robertson 60 1 2 2
2 Nick Foligno Vladimir Tarasenko Jordan Kyrou 40 1 2 2
PowerPlay Defense
Defense Defense Time % Phy DF OF
1 John Carlson Thomas Harley 60 1 2 2
2 Jamie Oleksiak Derek Forbort 40 1 2 2
Penalty Kill 4 Players Forward
Center Wing Time % Phy DF OF
1 Mikael Backlund Brad Marchand 60 1 2 2
2 Michael McLeod Fabian Zetterlund 40 1 2 2
Penalty Kill 4 Players Defense
Defense Defense Time % Phy DF OF
1 Derek Forbort Jamie Oleksiak 60 1 2 2
2 Nick Jensen Ian Cole 40 1 2 2
Penalty Kill - 3 Players Forward
Forward Time % Phy DF OF
1 Mikael Backlund 60 1 2 2
2 Michael McLeod 40 1 2 2
Penalty Kill - 3 Players Defense
Defense Defense Time % Phy DF OF
1 Derek Forbort Jamie Oleksiak 60 1 2 2
2 Nick Jensen Ian Cole 40 1 2 2
4 vs 4 Forward
Center Wing Time % Phy DF OF
1 Nico Hischier Alex Ovechkin 60 1 2 2
2 Nick Foligno Jason Robertson 40 1 2 2
4 vs 4 Defense
Defense Defense Time % Phy DF OF
1 John Carlson Thomas Harley 60 1 2 2
2 Jamie Oleksiak Derek Forbort 40 1 2 2
Last Minutes Offensive
Center Left Wing Right Wing Defense Defense
Nico Hischier Alex Ovechkin Jason Robertson John Carlson Thomas Harley
Last Minutes Defensive
Center Left Wing Right Wing Defense Defense
Mikael Backlund Brad Marchand Nick Foligno Derek Forbort Jamie Oleksiak
Goaltenders
Starting : Jake Oettinger
Backup : Sergei Bobrovsky
Extra Forwards
Normal : Owen Tippett, Drake Batherson, Jordan Kyrou - PP : Owen Tippett, Fabian Zetterlund - PK : Fabian Zetterlund
Extra Defensemen
Normal : Thomas Harley, Jamie Oleksiak, Ian Cole - PP : Derek Forbort - PK : Jamie Oleksiak, Thomas Harley
Penalty Shots
Jason Robertson, Drake Batherson, Jordan Kyrou, Vladimir Tarasenko, John Carlson
Scratches
Yegor Chinakhov (Healthy), Stefan Noesen (Healthy)
St.Louis Blues
5 vs 5 Forward
Center Left Wing Right Wing Time % Phy DF OF
1 Robert Thomas Elias Pettersson Jake Guentzel 40 0 1 4
2 Claude Giroux Alex Tuch Mark Stone 30 0 2 3
3 Elias Lindholm Dakota Joshua Tage Thompson 25 0 3 2
4 Lars Eller Yanni Gourde Logan O'Connor 5 2 2 1
5 vs 5 Defense
Defense Defense Time % Phy DF OF
1 Colton Parayko Alex Pietrangelo 45 1 2 2
2 Jake Sanderson Jaccob Slavin 35 1 2 2
3 Mikhail Sergachev Nick Leddy 20 1 2 2
4 Alex Pietrangelo Colton Parayko 0 1 2 2
PowerPlay Forward
Center Left Wing Right Wing Time % Phy DF OF
1 Robert Thomas Elias Pettersson Jake Guentzel 60 1 0 4
2 Elias Lindholm Dakota Joshua Mark Stone 40 1 0 4
PowerPlay Defense
Defense Defense Time % Phy DF OF
1 Tage Thompson Claude Giroux 60 0 1 4
2 Alex Tuch Alex Pietrangelo 40 0 1 4
Penalty Kill 4 Players Forward
Center Wing Time % Phy DF OF
1 Lars Eller Logan O'Connor 50 1 4 0
2 Elias Lindholm Dakota Joshua 50 1 4 0
Penalty Kill 4 Players Defense
Defense Defense Time % Phy DF OF
1 Jake Sanderson Colton Parayko 50 1 4 0
2 Jaccob Slavin Nick Leddy 50 1 4 0
Penalty Kill - 3 Players Forward
Forward Time % Phy DF OF
1 Elias Lindholm 50 0 5 0
2 Lars Eller 50 0 5 0
Penalty Kill - 3 Players Defense
Defense Defense Time % Phy DF OF
1 Jake Sanderson Colton Parayko 50 0 5 0
2 Nick Leddy Jaccob Slavin 50 0 5 0
4 vs 4 Forward
Center Wing Time % Phy DF OF
1 Robert Thomas Elias Pettersson 50 0 2 3
2 Claude Giroux Jake Guentzel 50 0 2 3
4 vs 4 Defense
Defense Defense Time % Phy DF OF
1 Jake Sanderson Alex Pietrangelo 50 0 3 2
2 Colton Parayko Mikhail Sergachev 50 0 3 2
Last Minutes Offensive
Center Left Wing Right Wing Defense Defense
Robert Thomas Elias Pettersson Jake Guentzel Tage Thompson Claude Giroux
Last Minutes Defensive
Center Left Wing Right Wing Defense Defense
Lars Eller Logan O'Connor Elias Lindholm Jake Sanderson Colton Parayko
Goaltenders
Starting : Connor Hellebuyck
Backup : Scott Wedgewood
Extra Forwards
Normal : Robert Thomas, Mark Stone, Tage Thompson - PP : Mark Stone, Dakota Joshua - PK : Robert Thomas
Extra Defensemen
Normal : Jake Sanderson, Mikhail Sergachev, Colton Parayko - PP : Mikhail Sergachev - PK : Jaccob Slavin, Nick Leddy
Penalty Shots
Elias Pettersson, Tage Thompson, Alex Tuch, Robert Thomas, Jake Guentzel
Scratches
Jack Eichel (Lower Body Injury), Colin Blackwell (Healthy), Adam Pelech (Healthy)
% Time on Ice - Washington Capitals
Lines # - Real PCT - Wanted PCT - Time Play
Normal Forward
1 - 37% - 40% - 19:09
2 - 24% - 30% - 12:44
3 - 23% - 20% - 11:51
4 - 17% - 10% - 8:42
Normal Defense
1 - 31% - 37% - 16:22
2 - 37% - 35% - 19:12
3 - 25% - 28% - 12:57
4 - 7% - 0% - 3:55
PP Forward
1 - 59% - 60% - 4:43
2 - 41% - 40% - 3:14
PP Defense
1 - 62% - 60% - 4:57
2 - 38% - 40% - 3:00
PK Forward
1 - 79% - 60% - 5:16
2 - 21% - 40% - 1:26
PK Defense
1 - 72% - 60% - 4:49
2 - 28% - 40% - 1:53
PK3 Forward
1 - 0% - 60%
2 - 0% - 40%
PK3 Defense
1 - 0% - 60%
2 - 0% - 40%
44 Forward
1 - 0% - 60%
2 - 0% - 40%
44 Defense
1 - 0% - 60%
2 - 0% - 40%
Last Minute Offensive - 0:00
Last Minute Defensive - 0:00
Total
Forward - 67:05
Defense - 67:05
|
% Time on Ice - St.Louis Blues
Lines # - Real PCT - Wanted PCT - Time Play
Normal Forward
1 - 35% - 40% - 18:28
2 - 32% - 30% - 16:52
3 - 22% - 25% - 11:29
4 - 11% - 5% - 5:37
Normal Defense
1 - 41% - 45% - 21:26
2 - 32% - 35% - 16:57
3 - 27% - 20% - 14:03
4 - 0% - 0% - 0:00
PP Forward
1 - 60% - 60% - 4:03
2 - 40% - 40% - 2:39
PP Defense
1 - 64% - 60% - 4:17
2 - 36% - 40% - 2:25
PK Forward
1 - 49% - 50% - 3:55
2 - 51% - 50% - 4:02
PK Defense
1 - 47% - 50% - 3:44
2 - 53% - 50% - 4:13
PK3 Forward
1 - 0% - 50%
2 - 0% - 50%
PK3 Defense
1 - 0% - 50%
2 - 0% - 50%
44 Forward
1 - 0% - 50%
2 - 0% - 50%
44 Defense
1 - 0% - 50%
2 - 0% - 50%
Last Minute Offensive - 0:00
Last Minute Defensive - 0:00
Total
Forward - 67:05
Defense - 67:05
|
Play-by-Play
1st period
0:01 of 1st period - Robert Thomas wins face-off versus Nico Hischier in neutral zone.
0:10 of 1st period - Wrist shot by Alex Ovechkin.
0:10 of 1st period - Shot Misses the Net.
0:46 of 1st period - Off-side.
0:47 of 1st period - Nick Foligno wins face-off versus Elias Lindholm in neutral zone.
0:50 of 1st period - Wrist shot by Vladimir Tarasenko.
0:50 of 1st period - Stopped by Connor Hellebuyck with a rebound.
1:00 of 1st period - Slapshot by Vladimir Tarasenko.
1:00 of 1st period - Deflect By Nick Foligno.
1:00 of 1st period - Shot Misses the Net.
1:00 of 1st period - Puck is out of play.
1:01 of 1st period - Robert Thomas wins face-off versus Fabian Zetterlund in St.Louis Blues zone.
1:08 of 1st period - Ian Cole is hit by Elias Pettersson and loses puck.
1:27 of 1st period - Nick Jensen is hit by Alex Tuch and loses puck.
1:32 of 1st period - Slapshot by Claude Giroux.
1:32 of 1st period - Stopped by Jake Oettinger without a rebound.
1:33 of 1st period - Mikael Backlund wins face-off versus Lars Eller in Washington Capitals zone.
1:46 of 1st period - Snap shot by Jordan Kyrou.
1:46 of 1st period - Shot Misses the Net.
2:42 of 1st period - Snap shot by Alex Ovechkin.
2:42 of 1st period - Stopped by Connor Hellebuyck with a rebound.
2:44 of 1st period - Snap shot by Derek Forbort.
2:44 of 1st period - Deflect By Tage Thompson.
2:44 of 1st period - Stopped by Connor Hellebuyck without a rebound.
2:45 of 1st period - Claude Giroux wins face-off versus Nick Foligno in St.Louis Blues zone.
2:47 of 1st period - Minor Penalty to Alex Tuch for Interference.
2:48 of 1st period - Nick Foligno wins face-off versus Lars Eller in St.Louis Blues zone.
2:48 of 1st period - Snap shot by Jordan Kyrou.
2:48 of 1st period - Goal by Jordan Kyrou - Washington Capitals : 1 - St.Louis Blues : 0.
2:49 of 1st period - Claude Giroux wins face-off versus Nick Foligno in neutral zone.
2:56 of 1st period - Snap shot by Mark Stone.
2:56 of 1st period - Shot Misses the Net.
3:14 of 1st period - Minor Penalty to Alex Tuch for Tripping.
3:15 of 1st period - Elias Lindholm wins face-off versus Nico Hischier in St.Louis Blues zone.
3:19 of 1st period - Off-side.
3:20 of 1st period - Nico Hischier wins face-off versus Elias Lindholm in neutral zone.
3:27 of 1st period - Snap shot by Nico Hischier.
3:27 of 1st period - Stopped by Connor Hellebuyck without a rebound.
3:28 of 1st period - Nico Hischier wins face-off versus Lars Eller in St.Louis Blues zone.
5:11 of 1st period - Jamie Oleksiak is hit by Jake Sanderson.
5:14 of 1st period - Penalty to Alex Tuch is over, Alex Tuch is back on ice.
5:21 of 1st period - Jamie Oleksiak is hit by Mark Stone and loses puck.
5:28 of 1st period - Wrist shot by Mark Stone.
5:28 of 1st period - Stopped by Jake Oettinger without a rebound.
5:29 of 1st period - Michael McLeod wins face-off versus Robert Thomas in Washington Capitals zone.
5:36 of 1st period - Alex Pietrangelo is hit by Michael McLeod and loses puck.
6:11 of 1st period - Snap shot by Fabian Zetterlund.
6:11 of 1st period - Stopped by Connor Hellebuyck with a rebound.
6:19 of 1st period - John Carlson is hit by Mark Stone and loses puck.
6:44 of 1st period - Slapshot by Alex Tuch.
6:44 of 1st period - Stopped by Jake Oettinger without a rebound.
6:45 of 1st period - Nico Hischier wins face-off versus Robert Thomas in Washington Capitals zone.
7:00 of 1st period - Snap shot by Jake Guentzel.
7:00 of 1st period - Stopped by Jake Oettinger with a rebound.
7:02 of 1st period - Snap shot by Colton Parayko.
7:02 of 1st period - Shot Misses the Net.
7:12 of 1st period - Alex Pietrangelo is hit by Jordan Kyrou.
7:16 of 1st period - Thomas Harley is hit by Dakota Joshua and loses puck.
7:22 of 1st period - Off-side.
7:23 of 1st period - Robert Thomas wins face-off versus Brad Marchand in neutral zone.
7:59 of 1st period - Snap shot by Nico Hischier.
7:59 of 1st period - Shot Misses the Net.
8:01 of 1st period - Slapshot by John Carlson.
8:01 of 1st period - Deflect By Mark Stone.
8:01 of 1st period - Stopped by Connor Hellebuyck with a rebound.
8:03 of 1st period - Wrist shot by Alex Ovechkin.
8:03 of 1st period - Stopped by Connor Hellebuyck with a rebound.
8:05 of 1st period - Snap shot by Jamie Oleksiak.
8:05 of 1st period - Deflect By Alex Ovechkin.
8:05 of 1st period - Shot Misses the Net.
8:05 of 1st period - Puck is out of play.
8:06 of 1st period - Robert Thomas wins face-off versus Nick Foligno in St.Louis Blues zone.
8:27 of 1st period - Minor Penalty to Robert Thomas for Roughing.
8:28 of 1st period - Lars Eller wins face-off versus Jason Robertson in St.Louis Blues zone.
8:43 of 1st period - Wrist shot by Logan O'Connor.
8:43 of 1st period - Stopped by Jake Oettinger without a rebound.
8:44 of 1st period - Nico Hischier wins face-off versus Elias Lindholm in Washington Capitals zone.
8:58 of 1st period - Jake Sanderson is hit by Jason Robertson.
9:02 of 1st period - Logan O'Connor is hit by Alex Ovechkin and loses puck.
10:12 of 1st period - Nick Foligno is hit by Elias Lindholm and loses puck.
10:27 of 1st period - Penalty to Robert Thomas is over, Robert Thomas is back on ice.
11:01 of 1st period - Snap shot by Elias Pettersson.
11:01 of 1st period - Stopped by Jake Oettinger with a rebound.
11:03 of 1st period - Slapshot by Jake Guentzel.
11:03 of 1st period - Stopped by Jake Oettinger without a rebound.
11:04 of 1st period - Robert Thomas wins face-off versus Nico Hischier in Washington Capitals zone.
11:30 of 1st period - Off-side.
11:31 of 1st period - Dakota Joshua wins face-off versus Mikael Backlund in neutral zone.
12:28 of 1st period - Slapshot by Vladimir Tarasenko.
12:28 of 1st period - Stopped by Connor Hellebuyck with a rebound.
12:30 of 1st period - Slapshot by Jamie Oleksiak.
12:30 of 1st period - Shot Misses the Net.
12:47 of 1st period - Icing by Alex Pietrangelo.
12:48 of 1st period - Tage Thompson wins face-off versus Mikael Backlund in St.Louis Blues zone.
13:17 of 1st period - Elias Lindholm is hit by Mikael Backlund and loses puck.
13:32 of 1st period - Snap shot by Tage Thompson.
13:32 of 1st period - Stopped by Jake Oettinger with a rebound.
13:40 of 1st period - Snap shot by Tage Thompson.
13:40 of 1st period - Shot Blocked by Nick Jensen.
13:42 of 1st period - Snap shot by Elias Lindholm.
13:42 of 1st period - Stopped by Jake Oettinger without a rebound.
13:43 of 1st period - Nico Hischier wins face-off versus Jake Guentzel in Washington Capitals zone.
14:10 of 1st period - Snap shot by Lars Eller.
14:10 of 1st period - Shot Blocked by Nico Hischier.
14:28 of 1st period - Wrist shot by Jason Robertson.
14:28 of 1st period - Stopped by Connor Hellebuyck without a rebound.
14:29 of 1st period - Nick Foligno wins face-off versus Robert Thomas in St.Louis Blues zone.
14:38 of 1st period - Snap shot by Elias Pettersson.
14:38 of 1st period - Deflect By John Carlson.
14:38 of 1st period - Stopped by Jake Oettinger with a rebound.
14:40 of 1st period - Slapshot by Jaccob Slavin.
14:40 of 1st period - Deflect By Vladimir Tarasenko.
14:40 of 1st period - Stopped by Jake Oettinger with a rebound.
14:42 of 1st period - Wrist shot by Jake Sanderson.
14:42 of 1st period - Shot Misses the Net.
14:44 of 1st period - Slapshot by Jaccob Slavin.
14:44 of 1st period - Shot Blocked by Nick Foligno.
14:46 of 1st period - Slapshot by Jaccob Slavin.
14:46 of 1st period - Shot Blocked by John Carlson.
14:56 of 1st period - Nick Foligno is hit by Dakota Joshua and loses puck.
15:21 of 1st period - Slapshot by Brad Marchand.
15:21 of 1st period - Shot Misses the Net.
15:44 of 1st period - Snap shot by Lars Eller.
15:44 of 1st period - Shot Misses the Net.
15:59 of 1st period - Off-side.
16:00 of 1st period - Robert Thomas wins face-off versus Nico Hischier in neutral zone.
16:15 of 1st period - Snap shot by Nico Hischier.
16:15 of 1st period - Shot Misses the Net.
16:23 of 1st period - Minor Penalty to Robert Thomas for Boarding.
16:24 of 1st period - Nico Hischier wins face-off versus Elias Lindholm in St.Louis Blues zone.
17:51 of 1st period - Icing by Jamie Oleksiak.
17:52 of 1st period - Nico Hischier wins face-off versus Lars Eller in Washington Capitals zone.
18:23 of 1st period - Penalty to Robert Thomas is over, Robert Thomas is back on ice.
19:01 of 1st period - Snap shot by Brad Marchand.
19:01 of 1st period - Goal by Brad Marchand - Washington Capitals : 2 - St.Louis Blues : 0.
19:02 of 1st period - Robert Thomas wins face-off versus Nico Hischier in neutral zone.
19:05 of 1st period - Snap shot by Jake Guentzel.
19:05 of 1st period - Stopped by Jake Oettinger without a rebound.
19:06 of 1st period - Jake Guentzel wins face-off versus Alex Ovechkin in Washington Capitals zone.
19:21 of 1st period - Slapshot by Elias Pettersson.
19:21 of 1st period - Shot Hit the Post.
19:39 of 1st period - Snap shot by Vladimir Tarasenko.
19:39 of 1st period - Stopped by Connor Hellebuyck without a rebound.
19:40 of 1st period - Claude Giroux wins face-off versus Nick Foligno in St.Louis Blues zone.
19:40 of 1st period - Claude Giroux is hit by Nick Foligno.
19:54 of 1st period - Wrist shot by Claude Giroux.
19:54 of 1st period - Shot Misses the Net.
Goals for this period are 2 for Washington Capitals vs 0 for St.Louis Blues.
Shots for this period are 12 for Washington Capitals vs 12 for St.Louis Blues.
2nd period
0:01 of 2nd period - Robert Thomas wins face-off versus Jason Robertson in neutral zone.
0:10 of 2nd period - Wrist shot by Elias Pettersson.
0:10 of 2nd period - Stopped by Jake Oettinger without a rebound.
0:11 of 2nd period - Nico Hischier wins face-off versus Robert Thomas in Washington Capitals zone.
1:19 of 2nd period - Jake Sanderson is hit by Thomas Harley and loses puck.
1:44 of 2nd period - Wrist shot by Jason Robertson.
1:44 of 2nd period - Shot Blocked by Jaccob Slavin.
1:46 of 2nd period - Snap shot by Thomas Harley.
1:46 of 2nd period - Stopped by Connor Hellebuyck without a rebound.
1:47 of 2nd period - Claude Giroux wins face-off versus Nico Hischier in St.Louis Blues zone.
2:14 of 2nd period - Jake Guentzel is hit by Brad Marchand and loses puck.
2:35 of 2nd period - Wrist shot by Dakota Joshua.
2:35 of 2nd period - Stopped by Jake Oettinger with a rebound.
2:41 of 2nd period - Dakota Joshua is hit by Nick Foligno and loses puck.
3:00 of 2nd period - Snap shot by Lars Eller.
3:00 of 2nd period - Shot Blocked by Derek Forbort.
3:00 of 2nd period - Derek Forbort from Washington Capitals is injured at 3:00 of 2nd period (Sprained Right Ankle).
3:01 of 2nd period - Robert Thomas wins face-off versus Nico Hischier in Washington Capitals zone.
3:02 of 2nd period - Wrist shot by Elias Pettersson.
3:02 of 2nd period - Stopped by Jake Oettinger with a rebound.
3:14 of 2nd period - Snap shot by Alex Ovechkin.
3:14 of 2nd period - Stopped by Connor Hellebuyck without a rebound.
3:15 of 2nd period - Robert Thomas wins face-off versus Nico Hischier in St.Louis Blues zone.
3:30 of 2nd period - Snap shot by Nico Hischier.
3:30 of 2nd period - Deflect By Alex Ovechkin.
3:30 of 2nd period - Stopped by Connor Hellebuyck with a rebound.
3:32 of 2nd period - Slapshot by Nico Hischier.
3:32 of 2nd period - Shot Misses the Net.
4:15 of 2nd period - Snap shot by Vladimir Tarasenko.
4:15 of 2nd period - Stopped by Connor Hellebuyck with a rebound.
4:17 of 2nd period - Wrist shot by Jamie Oleksiak.
4:17 of 2nd period - Deflect By Elias Pettersson.
4:17 of 2nd period - Stopped by Connor Hellebuyck with a rebound.
4:19 of 2nd period - Slapshot by Jamie Oleksiak.
4:19 of 2nd period - Stopped by Connor Hellebuyck without a rebound.
4:20 of 2nd period - Claude Giroux wins face-off versus Nico Hischier in St.Louis Blues zone.
4:29 of 2nd period - Wrist shot by Mark Stone.
4:29 of 2nd period - Stopped by Jake Oettinger without a rebound.
4:30 of 2nd period - Claude Giroux wins face-off versus Nico Hischier in Washington Capitals zone.
4:39 of 2nd period - Slapshot by Jason Robertson.
4:39 of 2nd period - Stopped by Connor Hellebuyck with a rebound.
4:41 of 2nd period - Snap shot by Thomas Harley.
4:41 of 2nd period - Stopped by Connor Hellebuyck with a rebound.
4:43 of 2nd period - Snap shot by Alex Ovechkin.
4:43 of 2nd period - Shot Misses the Net.
6:32 of 2nd period - Off-side.
6:33 of 2nd period - Elias Lindholm wins face-off versus Mikael Backlund in neutral zone.
6:36 of 2nd period - Brad Marchand is hit by Elias Lindholm and loses puck.
6:49 of 2nd period - Snap shot by Jordan Kyrou.
6:49 of 2nd period - Stopped by Connor Hellebuyck without a rebound.
6:50 of 2nd period - Robert Thomas wins face-off versus Nick Foligno in St.Louis Blues zone.
6:56 of 2nd period - Minor Penalty to Jamie Oleksiak for Cross-checking.
6:57 of 2nd period - Mikael Backlund wins face-off versus Robert Thomas in Washington Capitals zone.
6:57 of 2nd period - Mikael Backlund is hit by Robert Thomas.
7:23 of 2nd period - Brad Marchand is hit by Dakota Joshua and loses puck.
8:56 of 2nd period - Penalty to Jamie Oleksiak is over, Jamie Oleksiak is back on ice.
9:02 of 2nd period - Mikhail Sergachev is hit by Nick Foligno and loses puck.
9:54 of 2nd period - Yanni Gourde is hit by Mikael Backlund.
10:08 of 2nd period - Snap shot by Alex Ovechkin.
10:08 of 2nd period - Stopped by Connor Hellebuyck with a rebound.
10:20 of 2nd period - Logan O'Connor is hit by Ian Cole and loses puck.
12:00 of 2nd period - Jake Sanderson is hit by Nick Foligno and loses puck.
12:11 of 2nd period - Claude Giroux is hit by John Carlson.
12:21 of 2nd period - Alex Pietrangelo is hit by Mikael Backlund and loses puck.
12:34 of 2nd period - Tage Thompson is hit by Fabian Zetterlund and loses puck.
12:55 of 2nd period - Slapshot by Jordan Kyrou.
12:55 of 2nd period - Stopped by Connor Hellebuyck without a rebound.
12:56 of 2nd period - Robert Thomas wins face-off versus Mikael Backlund in St.Louis Blues zone.
13:11 of 2nd period - Claude Giroux is hit by Alex Ovechkin and loses puck.
13:18 of 2nd period - Snap shot by Jason Robertson.
13:18 of 2nd period - Shot Misses the Net.
13:20 of 2nd period - Snap shot by Nico Hischier.
13:20 of 2nd period - Stopped by Connor Hellebuyck with a rebound.
13:22 of 2nd period - Slapshot by Ian Cole.
13:22 of 2nd period - Stopped by Connor Hellebuyck without a rebound.
13:23 of 2nd period - Robert Thomas wins face-off versus Mikael Backlund in St.Louis Blues zone.
13:30 of 2nd period - Jordan Kyrou is hit by Elias Pettersson and loses puck.
13:39 of 2nd period - Mikhail Sergachev is hit by Thomas Harley and loses puck.
13:50 of 2nd period - Alex Ovechkin is hit by Dakota Joshua and loses puck.
14:11 of 2nd period - Nick Foligno is hit by Alex Tuch and loses puck.
14:18 of 2nd period - Alex Tuch is hit by Owen Tippett and loses puck.
14:41 of 2nd period - Wrist shot by Logan O'Connor.
14:41 of 2nd period - Stopped by Jake Oettinger without a rebound.
14:42 of 2nd period - Robert Thomas wins face-off versus Mikael Backlund in Washington Capitals zone.
14:45 of 2nd period - Snap shot by Jake Guentzel.
14:45 of 2nd period - Goal by Jake Guentzel - Washington Capitals : 2 - St.Louis Blues : 1.
14:46 of 2nd period - Mikael Backlund wins face-off versus Jake Guentzel in neutral zone.
14:48 of 2nd period - Minor Penalty to Ian Cole for High sticking.
14:49 of 2nd period - Jake Guentzel wins face-off versus Mikael Backlund in Washington Capitals zone.
15:01 of 2nd period - Claude Giroux is hit by Brad Marchand and loses puck.
15:56 of 2nd period - Snap shot by Fabian Zetterlund.
15:56 of 2nd period - Deflect By Elias Pettersson.
15:56 of 2nd period - Shot Blocked by Alex Pietrangelo.
15:56 of 2nd period - Puck is out of play.
15:57 of 2nd period - Michael McLeod wins face-off versus Robert Thomas in St.Louis Blues zone.
16:10 of 2nd period - Snap shot by Michael McLeod.
16:10 of 2nd period - Shot Blocked by Robert Thomas.
16:48 of 2nd period - Penalty to Ian Cole is over, Ian Cole is back on ice.
17:00 of 2nd period - Wrist shot by Jason Robertson.
17:00 of 2nd period - Shot Blocked by Yanni Gourde.
17:45 of 2nd period - Icing by Jake Sanderson.
17:46 of 2nd period - Tage Thompson wins face-off versus Nico Hischier in St.Louis Blues zone.
17:46 of 2nd period - Tage Thompson is hit by Nico Hischier.
18:34 of 2nd period - Snap shot by John Carlson.
18:34 of 2nd period - Stopped by Connor Hellebuyck with a rebound.
18:36 of 2nd period - Wrist shot by Owen Tippett.
18:36 of 2nd period - Stopped by Connor Hellebuyck with a rebound.
18:38 of 2nd period - Wrist shot by Owen Tippett.
18:38 of 2nd period - Shot Misses the Net.
18:40 of 2nd period - Snap shot by John Carlson.
18:40 of 2nd period - Stopped by Connor Hellebuyck without a rebound.
18:41 of 2nd period - Robert Thomas wins face-off versus Owen Tippett in St.Louis Blues zone.
19:08 of 2nd period - Slapshot by Vladimir Tarasenko.
19:08 of 2nd period - Shot Misses the Net.
19:10 of 2nd period - Slapshot by Ian Cole.
19:10 of 2nd period - Shot Misses the Net.
19:12 of 2nd period - Slapshot by Vladimir Tarasenko.
19:12 of 2nd period - Stopped by Connor Hellebuyck with a rebound.
19:14 of 2nd period - Slapshot by Owen Tippett.
19:14 of 2nd period - Stopped by Connor Hellebuyck with a rebound.
19:25 of 2nd period - Alex Pietrangelo is hit by Nick Foligno and loses puck.
19:36 of 2nd period - Slapshot by Elias Lindholm.
19:36 of 2nd period - Shot Misses the Net.
19:48 of 2nd period - Snap shot by Tage Thompson.
19:48 of 2nd period - Shot Misses the Net.
19:50 of 2nd period - Wrist shot by Alex Pietrangelo.
19:50 of 2nd period - Deflect By Tage Thompson.
19:50 of 2nd period - Shot Blocked by Owen Tippett.
19:50 of 2nd period - Puck is out of play.
19:51 of 2nd period - Robert Thomas wins face-off versus Mikael Backlund in Washington Capitals zone.
19:52 of 2nd period - Snap shot by Jake Guentzel.
19:52 of 2nd period - Stopped by Jake Oettinger without a rebound.
19:53 of 2nd period - Mikael Backlund wins face-off versus Robert Thomas in Washington Capitals zone.
Goals for this period are 0 for Washington Capitals vs 1 for St.Louis Blues.
Shots for this period are 18 for Washington Capitals vs 7 for St.Louis Blues.
3rd period
0:01 of 3rd period - Nico Hischier wins face-off versus Robert Thomas in neutral zone.
0:10 of 3rd period - Alex Ovechkin is hit by Jake Guentzel and loses puck.
0:18 of 3rd period - Off-side.
0:19 of 3rd period - Mikael Backlund wins face-off versus Elias Lindholm in neutral zone.
0:30 of 3rd period - Snap shot by Brad Marchand.
0:30 of 3rd period - Shot Blocked by Elias Lindholm.
0:32 of 3rd period - Slapshot by Brad Marchand.
0:32 of 3rd period - Stopped by Connor Hellebuyck without a rebound.
0:33 of 3rd period - Nico Hischier wins face-off versus Robert Thomas in St.Louis Blues zone.
0:34 of 3rd period - Wrist shot by Jason Robertson.
0:34 of 3rd period - Shot Misses the Net.
0:36 of 3rd period - Snap shot by Jason Robertson.
0:36 of 3rd period - Shot Blocked by Elias Pettersson.
0:38 of 3rd period - Snap shot by Ian Cole.
0:38 of 3rd period - Stopped by Connor Hellebuyck with a rebound.
0:42 of 3rd period - Snap shot by Alex Ovechkin.
0:42 of 3rd period - Shot Misses the Net.
0:44 of 3rd period - Wrist shot by Alex Ovechkin.
0:44 of 3rd period - Stopped by Connor Hellebuyck with a rebound.
0:46 of 3rd period - Snap shot by Alex Ovechkin.
0:46 of 3rd period - Goal by Alex Ovechkin - Washington Capitals : 3 - St.Louis Blues : 1.
0:47 of 3rd period - Elias Pettersson wins face-off versus Mikael Backlund in neutral zone.
1:04 of 3rd period - Wrist shot by Robert Thomas.
1:04 of 3rd period - Shot Misses the Net.
1:14 of 3rd period - Alex Pietrangelo is hit by Jamie Oleksiak and loses puck.
1:38 of 3rd period - Off-side.
1:39 of 3rd period - Michael McLeod wins face-off versus Robert Thomas in neutral zone.
1:42 of 3rd period - Slapshot by Fabian Zetterlund.
1:42 of 3rd period - Shot Blocked by Jake Sanderson.
1:44 of 3rd period - Slapshot by John Carlson.
1:44 of 3rd period - Stopped by Connor Hellebuyck with a rebound.
1:46 of 3rd period - Snap shot by Jamie Oleksiak.
1:46 of 3rd period - Shot Blocked by Jaccob Slavin.
1:48 of 3rd period - Snap shot by Michael McLeod.
1:48 of 3rd period - Shot Misses the Net.
2:06 of 3rd period - Tage Thompson is hit by Alex Ovechkin and loses puck.
2:15 of 3rd period - Snap shot by Tage Thompson.
2:15 of 3rd period - Stopped by Jake Oettinger with a rebound.
2:49 of 3rd period - Vladimir Tarasenko is hit by Colton Parayko and loses puck.
3:40 of 3rd period - Snap shot by Jason Robertson.
3:40 of 3rd period - Shot Misses the Net.
4:48 of 3rd period - Slapshot by Jake Sanderson.
4:48 of 3rd period - Stopped by Jake Oettinger with a rebound.
5:00 of 3rd period - Snap shot by Alex Tuch.
5:00 of 3rd period - Stopped by Jake Oettinger without a rebound.
5:01 of 3rd period - Claude Giroux wins face-off versus Michael McLeod in Washington Capitals zone.
5:17 of 3rd period - Minor Penalty to Drake Batherson for Hooking.
5:18 of 3rd period - Robert Thomas wins face-off versus Mikael Backlund in Washington Capitals zone.
5:28 of 3rd period - Snap shot by Tage Thompson.
5:28 of 3rd period - Shot Misses the Net.
5:35 of 3rd period - Icing by Tage Thompson.
5:36 of 3rd period - Robert Thomas wins face-off versus Mikael Backlund in St.Louis Blues zone.
5:43 of 3rd period - Slapshot by Robert Thomas.
5:43 of 3rd period - Stopped by Jake Oettinger with a rebound.
5:48 of 3rd period - Off-side.
5:49 of 3rd period - Robert Thomas wins face-off versus Mikael Backlund in neutral zone.
5:58 of 3rd period - Snap shot by Jake Guentzel.
5:58 of 3rd period - Stopped by Jake Oettinger without a rebound.
5:59 of 3rd period - Robert Thomas wins face-off versus Mikael Backlund in Washington Capitals zone.
6:02 of 3rd period - Snap shot by Robert Thomas.
6:02 of 3rd period - Goal by Robert Thomas - Washington Capitals : 3 - St.Louis Blues : 2.
6:03 of 3rd period - Nico Hischier wins face-off versus Robert Thomas in neutral zone.
6:32 of 3rd period - Slapshot by Claude Giroux.
6:32 of 3rd period - Shot Misses the Net.
6:40 of 3rd period - Wrist shot by Claude Giroux.
6:40 of 3rd period - Shot Misses the Net.
6:42 of 3rd period - Slapshot by Jaccob Slavin.
6:42 of 3rd period - Stopped by Jake Oettinger with a rebound.
6:58 of 3rd period - Snap shot by Brad Marchand.
6:58 of 3rd period - Shot Misses the Net.
7:55 of 3rd period - Nick Foligno is hit by Jake Guentzel and loses puck.
8:32 of 3rd period - Wrist shot by Fabian Zetterlund.
8:32 of 3rd period - Stopped by Connor Hellebuyck without a rebound.
8:33 of 3rd period - Michael McLeod wins face-off versus Yanni Gourde in St.Louis Blues zone.
8:36 of 3rd period - Wrist shot by Fabian Zetterlund.
8:36 of 3rd period - Stopped by Connor Hellebuyck without a rebound.
8:37 of 3rd period - Robert Thomas wins face-off versus Michael McLeod in St.Louis Blues zone.
9:10 of 3rd period - Slapshot by Jamie Oleksiak.
9:10 of 3rd period - Stopped by Connor Hellebuyck with a rebound.
9:12 of 3rd period - Slapshot by Alex Ovechkin.
9:12 of 3rd period - Shot Misses the Net.
9:14 of 3rd period - Snap shot by Alex Ovechkin.
9:14 of 3rd period - Shot Misses the Net.
9:16 of 3rd period - Slapshot by Thomas Harley.
9:16 of 3rd period - Shot Blocked by Mikhail Sergachev.
10:16 of 3rd period - Snap shot by Nico Hischier.
10:16 of 3rd period - Stopped by Connor Hellebuyck without a rebound.
10:17 of 3rd period - Nico Hischier wins face-off versus Robert Thomas in St.Louis Blues zone.
10:24 of 3rd period - Wrist shot by Jason Robertson.
10:24 of 3rd period - Shot Misses the Net.
10:26 of 3rd period - Slapshot by Jamie Oleksiak.
10:26 of 3rd period - Stopped by Connor Hellebuyck without a rebound.
10:27 of 3rd period - Nico Hischier wins face-off versus Robert Thomas in St.Louis Blues zone.
11:09 of 3rd period - Off-side.
11:10 of 3rd period - Nick Foligno wins face-off versus Elias Lindholm in neutral zone.
11:17 of 3rd period - Wrist shot by Nick Foligno.
11:17 of 3rd period - Stopped by Connor Hellebuyck without a rebound.
11:18 of 3rd period - Nick Foligno wins face-off versus Robert Thomas in St.Louis Blues zone.
11:51 of 3rd period - Snap shot by Nico Hischier.
11:51 of 3rd period - Stopped by Connor Hellebuyck without a rebound.
11:52 of 3rd period - Mikael Backlund wins face-off versus Elias Lindholm in St.Louis Blues zone.
12:48 of 3rd period - Wrist shot by Vladimir Tarasenko.
12:48 of 3rd period - Shot Misses the Net.
12:50 of 3rd period - Slapshot by Ian Cole.
12:50 of 3rd period - Stopped by Connor Hellebuyck without a rebound.
12:51 of 3rd period - Nico Hischier wins face-off versus Tage Thompson in St.Louis Blues zone.
13:16 of 3rd period - Mikael Backlund is hit by Mark Stone and loses puck.
14:35 of 3rd period - Wrist shot by Lars Eller.
14:35 of 3rd period - Stopped by Jake Oettinger without a rebound.
14:36 of 3rd period - Lars Eller wins face-off versus Nico Hischier in Washington Capitals zone.
14:45 of 3rd period - Wrist shot by Lars Eller.
14:45 of 3rd period - Stopped by Jake Oettinger with a rebound.
14:49 of 3rd period - Slapshot by Yanni Gourde.
14:49 of 3rd period - Goal by Yanni Gourde - Washington Capitals : 3 - St.Louis Blues : 3.
14:50 of 3rd period - Nico Hischier wins face-off versus Robert Thomas in neutral zone.
14:50 of 3rd period - Minor Penalty to Jason Robertson for Hooking.
14:51 of 3rd period - Robert Thomas wins face-off versus Mikael Backlund in Washington Capitals zone.
14:54 of 3rd period - Snap shot by Robert Thomas.
14:54 of 3rd period - Stopped by Jake Oettinger without a rebound.
14:55 of 3rd period - Mikael Backlund wins face-off versus Robert Thomas in Washington Capitals zone.
15:28 of 3rd period - Fabian Zetterlund is hit by Dakota Joshua.
15:42 of 3rd period - Alex Pietrangelo is hit by Mikael Backlund and loses puck.
16:50 of 3rd period - Penalty to Jason Robertson is over, Jason Robertson is back on ice.
16:53 of 3rd period - Jamie Oleksiak is hit by Tage Thompson and loses puck.
17:54 of 3rd period - Mark Stone is hit by Jason Robertson and loses puck.
18:31 of 3rd period - Alex Pietrangelo is hit by Drake Batherson and loses puck.
19:55 of 3rd period - Icing by Mikhail Sergachev.
19:56 of 3rd period - Nick Foligno wins face-off versus Tage Thompson in St.Louis Blues zone.
Goals for this period are 1 for Washington Capitals vs 2 for St.Louis Blues.
Shots for this period are 13 for Washington Capitals vs 11 for St.Louis Blues.
Overtime #1
0:01 of 1st overtime period - Robert Thomas wins face-off versus Mikael Backlund in neutral zone.
0:10 of 1st overtime period - Wrist shot by Jake Guentzel.
0:10 of 1st overtime period - Stopped by Jake Oettinger without a rebound.
0:11 of 1st overtime period - Robert Thomas wins face-off versus Mikael Backlund in Washington Capitals zone.
0:39 of 1st overtime period - Colton Parayko is hit by John Carlson and loses puck.
2:27 of 1st overtime period - Snap shot by Elias Lindholm.
2:27 of 1st overtime period - Deflect By Mark Stone.
2:27 of 1st overtime period - Stopped by Jake Oettinger without a rebound.
2:28 of 1st overtime period - Claude Giroux wins face-off versus Nick Foligno in Washington Capitals zone.
3:09 of 1st overtime period - Snap shot by Vladimir Tarasenko.
3:09 of 1st overtime period - Stopped by Connor Hellebuyck without a rebound.
3:10 of 1st overtime period - Elias Lindholm wins face-off versus Mikael Backlund in St.Louis Blues zone.
3:23 of 1st overtime period - Jaccob Slavin is hit by Ian Cole and loses puck.
4:17 of 1st overtime period - Alex Tuch is hit by John Carlson and loses puck.
4:27 of 1st overtime period - Mikhail Sergachev is hit by John Carlson.
4:43 of 1st overtime period - Mikhail Sergachev is hit by Nick Foligno and loses puck.
4:48 of 1st overtime period - Snap shot by Nick Foligno.
4:48 of 1st overtime period - Shot Blocked by Mikhail Sergachev.
4:50 of 1st overtime period - Snap shot by Vladimir Tarasenko.
4:50 of 1st overtime period - Stopped by Connor Hellebuyck without a rebound.
4:51 of 1st overtime period - Robert Thomas wins face-off versus Nico Hischier in St.Louis Blues zone.
4:53 of 1st overtime period - Minor Penalty to Robert Thomas for Roughing.
4:54 of 1st overtime period - Jason Robertson wins face-off versus Elias Lindholm in St.Louis Blues zone.
5:04 of 1st overtime period - Slapshot by Jason Robertson.
5:04 of 1st overtime period - Shot Misses the Net.
5:06 of 1st overtime period - Slapshot by Thomas Harley.
5:06 of 1st overtime period - Shot Blocked by Jake Sanderson.
5:08 of 1st overtime period - Wrist shot by Alex Ovechkin.
5:08 of 1st overtime period - Shot Hit the Post.
5:10 of 1st overtime period - Wrist shot by Jason Robertson.
5:10 of 1st overtime period - Deflect By Alex Ovechkin.
5:10 of 1st overtime period - Shot Misses the Net.
5:10 of 1st overtime period - Puck is out of play.
5:11 of 1st overtime period - Lars Eller wins face-off versus Alex Ovechkin in St.Louis Blues zone.
5:25 of 1st overtime period - Icing by John Carlson.
5:26 of 1st overtime period - Nico Hischier wins face-off versus Lars Eller in Washington Capitals zone.
5:37 of 1st overtime period - Snap shot by John Carlson.
5:37 of 1st overtime period - Deflect By Jason Robertson.
5:37 of 1st overtime period - Shot Misses the Net.
5:37 of 1st overtime period - Puck is out of play.
5:38 of 1st overtime period - Lars Eller wins face-off versus Nico Hischier in St.Louis Blues zone.
6:13 of 1st overtime period - Snap shot by Jordan Kyrou.
6:13 of 1st overtime period - Shot Blocked by Jaccob Slavin.
6:53 of 1st overtime period - Penalty to Robert Thomas is over, Robert Thomas is back on ice.
7:05 of 1st overtime period - Snap shot by Alex Tuch.
7:05 of 1st overtime period - Goal by Alex Tuch - Washington Capitals : 3 - St.Louis Blues : 4.
Goals for this period are 0 for Washington Capitals vs 1 for St.Louis Blues.
Shots for this period are 2 for Washington Capitals vs 3 for St.Louis Blues.
Back to the Top